WCHLSIM.com - West Coast Hockey League
html PUBLIC "-//W3C//DTD XHTML 1.0 Transitional//EN" "http://www.w3.org/TR/xhtml1/DTD/xhtml1-transitional.dtd"> WCHL - Game 1073 - SAN DIEGO THUNDER vs OAKLAND GORILLAS

SAN DIEGO THUNDER vs OAKLAND GORILLAS

Created - 23 mars 2024 at 07:34

Goals
1 2 3 T
SAN DIEGO THUNDER 0 0 0 0
OAKLAND GORILLAS 1 1 0 2
Shots
1 2 3 T
SAN DIEGO THUNDER 3 5 4 12
OAKLAND GORILLAS 9 15 12 36

1st period

1. OAKLAND GORILLAS , Logan Couture 41 (Jared Spurgeon 12, Jordan Kyrou 28) at 5:43

Penalties :
Connor Murphy (SDG) for Holding (Minor) at 7:04

2nd period

2. OAKLAND GORILLAS , Logan Couture 42 (Patrik Laine 36, Shayne Gostisbehere 12) at 15:57

Penalties :
Jared Spurgeon (OAK) for Holding (Minor) at 2:42

3rd period

No Goal

Penalties :
Joel Farabee (SDG) for Hooking (Minor) at 11:00, Colton Sissons (OAK) for Hooking (Minor) at 15:24, Adam Boqvist (SDG) for Hooking (Minor) at 19:56

Goalie Stats

Connor Hellebuyck (SDG), 34 saves from 36 shots - (0,944), L, 22-30-6, 60:00 minutes
Alexandar Georgiev (OAK), 12 saves from 12 shots - (1,000), W, 30-24-5, 60:00 minutes

Players Stats for SAN DIEGO THUNDER

Player Name              G  A  P  +/- PIM S  H  SB GA TA FO     MP     PP MP  PK MP  
------------------------------------------------------------------------------------
Adam Boqvist             0  0  0   0  2   1  2  2  0  0  0/0    16:12   0:00   0:54 
Charles McAvoy           0  0  0   0  0   0  0  3  0  0  0/0    24:26   2:06   2:17 
Connor Murphy            0  0  0  -2  2   2  3  0  0  0  0/0    19:20   1:52   0:50 
Derek Forbort            0  0  0  -2  0   0  0  2  0  0  0/0    20:16   1:52   1:45 
Dmitri Voronkov          0  0  0  -1  0   1  1  0  0  0  2/4    19:45   1:52   1:56 
Drake Batherson          0  0  0  -1  0   1  2  0  0  0  1/4    20:38   1:52   0:06 
Eetu Luostarinen         0  0  0  -1  0   1  1  0  0  0  7/23   20:00   0:00   1:20 
Erik Cernak              0  0  0   0  0   1  0  1  0  0  0/0    24:25   2:06   2:16 
Filip Zadina             0  0  0  -1  0   0  2  0  0  0  0/3    17:53   1:56   0:00 
Isac Lundestrom          0  0  0   0  0   0  0  2  0  0  0/0    16:47   2:06   2:29 
Joel Armia               0  0  0   0  0   1  0  0  0  0  0/0     5:12   0:00   0:00 
Joel Farabee             0  0  0  -1  2   0  0  1  0  0  2/3    21:10   1:52   0:39 
Luke Kunin               0  0  0   0  0   1  1  0  0  0  1/2    12:12   0:00   0:00 
Mark Kastelic            0  0  0   0  0   1  0  0  0  0  0/1     5:22   0:10   0:00 
Nicklaus Perbix          0  0  0   0  0   1  1  0  0  0  0/0    15:19   0:00   0:00 
Radek Faksa              0  0  0   0  0   1  0  1  0  0  5/18   12:12   0:00   0:00 
Steven Lorentz           0  0  0   0  0   0  0  0  0  0  0/0     5:12   0:00   0:00 
Wyatt Johnston           0  0  0  -1  0   0  0  0  0  0  1/12   19:35   2:06   1:32 

Players Stats for OAKLAND GORILLAS

Player Name              G  A  P  +/- PIM S  H  SB GA TA FO     MP     PP MP  PK MP  
------------------------------------------------------------------------------------
Aleksander Barkov        0  0  0   0  0   4  1  0  0  0  14/22  19:23   2:18   0:00 
Alex Pietrangelo         0  0  0   0  0   0  1  0  0  0  0/0    22:05   2:46   2:20 
Cameron York             0  0  0   1  0   0  2  3  0  0  0/0    18:29   0:00   0:54 
Colton Sissons           0  0  0   0  2   2  1  0  0  0  0/1    17:38   0:00   1:21 
David Kampf              0  0  0   0  0   0  0  2  0  0  1/3    17:59   0:00   1:41 
Gabriel Dumont           0  0  0   0  0   0  0  0  0  0  0/0     1:01   0:00   0:00 
Hampus Lindholm          0  0  0   0  0   2  1  1  0  0  0/0    22:05   2:46   2:20 
Jack McBain              0  0  0   0  0   1  0  0  0  0  0/0     1:57   0:00   0:56 
Jamie Oleksiak           0  0  0   1  0   0  2  1  0  0  0/0    19:05   0:00   1:38 
Jared Spurgeon           0  1  1   1  2   0  0  1  0  0  0/0    19:25   1:15   0:44 
Jordan Kyrou             0  1  1   2  0   2  1  0  0  0  1/1    19:55   1:43   0:35 
Logan Couture            2  0  2   2  0   7  2  0  0  0  18/22  19:20   1:43   0:00 
Marcus Foligno           0  0  0   0  0   0  0  0  0  0  0/0    17:51   0:00   0:46 
Mark Stone               0  0  0   0  0   5  1  0  0  0  1/1    19:23   2:18   0:00 
Patrice Bergeron         0  0  0   0  0   3  1  0  0  0  15/19  22:14   2:18   2:37 
Patrik Laine             0  1  1   2  0   9  0  0  0  0  1/1    19:20   1:43   0:00 
Shayne Gostisbehere      0  1  1   1  0   1  1  1  0  0  0/0    18:50   1:15   0:00 
Vincent Desharnais       0  0  0   0  0   0  0  0  0  0  0/0     0:00   0:00   0:00 

3 Stars

1 - Logan Couture (OAK)
2 - Connor Hellebuyck (SDG)
3 - Alexandar Georgiev (OAK)

Power Play

SAN DIEGO THUNDER - 0 on 2 Attempt(s) - 0,00%
OAKLAND GORILLAS - 0 on 3 Attempt(s) - 0,00%

Penalty Kill

SAN DIEGO THUNDER - 3 on 3 Attempt(s) - 100,00% - Score 0 goal in Penalty Kill
OAKLAND GORILLAS - 2 on 2 Attempt(s) - 100,00% - Score 0 goal in Penalty Kill

Team Stat

SAN DIEGO THUNDER - Hits : 13 - Faceoff Wins : 19 - Blocked Shots : 12 - Penalty Minutes : 6
OAKLAND GORILLAS - Hits : 14 - Faceoff Wins : 51 - Blocked Shots : 9 - Penalty Minutes : 4

Official

Referees : Chris Schlenker and Pierre Lambert
Linesman : Jonny Murray and Steve Barton

Game Notes

No Game Note

Finance

Level 1 -- Attendance: 4633 (77,22%) -- Ticket Income 833 940 $
Level 2 -- Attendance: 4772 (95,44%) -- Ticket Income 477 200 $
Level 3 -- Attendance: 1748 (87,40%) -- Ticket Income 166 060 $
Level 4 -- Attendance: 3037 (75,93%) -- Ticket Income 227 775 $
Luxury Box -- Attendance: 1000 (100,00%) -- Ticket Income 240 000 $
Total Attendance: 15190 (84,39%)
Total Ticket Income: 1 944 975 $
Other Expense: 19 450 $
Total Income: 1 925 525 $

SAN DIEGO THUNDER

5 vs 5 Forward 
   Center                   Left Wing                Right Wing               Time % Phy DF OF 
 1 Eetu Luostarinen         Joel Farabee             Drake Batherson          36     3   1  1  
 2 Wyatt Johnston           Dmitri Voronkov          Filip Zadina             31     3   1  1  
 3 Radek Faksa              Isac Lundestrom          Luke Kunin               23     2   2  1  
 4 Mark Kastelic            Steven Lorentz           Joel Armia               10     3   1  1  

5 vs 5 Defense 
   Defense                  Defense                                           Time % Phy DF OF 
 1 Charles McAvoy           Erik Cernak                                       38     2   2  1  
 2 Connor Murphy            Derek Forbort                                     32     2   2  1  
 3 Adam Boqvist             Nicklaus Perbix                                   20     2   2  1  
 4 Charles McAvoy           Erik Cernak                                       10     2   2  1  

PowerPlay Forward 
   Center                   Left Wing                Right Wing               Time % Phy DF OF 
 1 Drake Batherson          Dmitri Voronkov          Joel Farabee             55     0   1  4  
 2 Wyatt Johnston           Isac Lundestrom          Filip Zadina             45     0   1  4  

PowerPlay Defense
   Defense                  Defense                                           Time % Phy DF OF 
 1 Charles McAvoy           Erik Cernak                                       55     1   2  2  
 2 Connor Murphy            Derek Forbort                                     45     1   2  2  

Penalty Kill 4 Players Forward 
   Center                   Wing                     Time % Phy DF OF 
 1 Dmitri Voronkov          Isac Lundestrom          55     1   2  2  
 2 Joel Farabee             Wyatt Johnston           45     1   2  2  

Penalty Kill 4 Players Defense
   Defense                  Defense                  Time % Phy DF OF 
 1 Charles McAvoy           Erik Cernak              55     1   2  2  
 2 Connor Murphy            Derek Forbort            45     1   2  2  

Penalty Kill - 3 Players Forward 
   Forward                                           Time % Phy DF OF 
 1 Eetu Luostarinen                                  55     1   2  2  
 2 Joel Farabee                                      45     1   2  2  

Penalty Kill - 3 Players Defense
   Defense                  Defense                  Time % Phy DF OF 
 1 Charles McAvoy           Erik Cernak              55     1   2  2  
 2 Connor Murphy            Derek Forbort            45     1   2  2  

4 vs 4 Forward 
   Center                   Wing                     Time % Phy DF OF 
 1 Drake Batherson          Isac Lundestrom          55     1   2  2  
 2 Joel Farabee             Wyatt Johnston           45     1   2  2  

4 vs 4 Defense
   Defense                  Defense                  Time % Phy DF OF 
 1 Charles McAvoy           Erik Cernak              55     1   2  2  
 2 Connor Murphy            Derek Forbort            45     1   2  2  

Last Minutes Offensive
   Center                   Left Wing                Right Wing               Defense                  Defense                  
   Drake Batherson          Dmitri Voronkov          Joel Farabee             Charles McAvoy           Erik Cernak              

Last Minutes Defensive
   Center                   Left Wing                Right Wing               Defense                  Defense                  
   Drake Batherson          Dmitri Voronkov          Joel Farabee             Charles McAvoy           Erik Cernak              

Goaltenders
Starting : Connor Hellebuyck        
Backup : Akira Schmid             

Extra Forwards
Normal : Mark Kastelic, Drake Batherson, Eetu Luostarinen - PP : Mark Kastelic, Joel Farabee - PK : Eetu Luostarinen
Extra Defensemen
Normal : Adam Boqvist, Charles McAvoy, Connor Murphy - PP : Adam Boqvist - PK : Charles McAvoy, Connor Murphy
Penalty Shots
Drake Batherson, Eetu Luostarinen, Joel Farabee, Wyatt Johnston, Isac Lundestrom
Custom OT Lines Forwards
Drake Batherson, Eetu Luostarinen, Joel Farabee, Wyatt Johnston, Isac Lundestrom, Radek Faksa, Dmitri Voronkov, Filip Zadina, Joel Armia, Mark Kastelic
Custom OT Lines Defensemen
Charles McAvoy, Erik Cernak, Connor Murphy, Derek Forbort, Adam Boqvist

Scratches
None

OAKLAND GORILLAS

5 vs 5 Forward 
   Center                   Left Wing                Right Wing               Time % Phy DF OF 
 1 Aleksander Barkov        Marcus Foligno           Mark Stone               34     0   2  3  
 2 Logan Couture            Patrik Laine             Jordan Kyrou             34     0   2  3  
 3 Patrice Bergeron         David Kampf              Colton Sissons           32     0   2  3  
 4 Patrice Bergeron         Jack McBain              Gabriel Dumont           0      1   4  0  

5 vs 5 Defense 
   Defense                  Defense                                           Time % Phy DF OF 
 1 Hampus Lindholm          Alex Pietrangelo                                  34     0   2  3  
 2 Jared Spurgeon           Jamie Oleksiak                                    33     0   2  3  
 3 Cameron York             Shayne Gostisbehere                               33     1   3  1  
 4 Alex Pietrangelo         Hampus Lindholm                                   0      0   2  3  

PowerPlay Forward 
   Center                   Left Wing                Right Wing               Time % Phy DF OF 
 1 Aleksander Barkov        Patrice Bergeron         Mark Stone               55     0   0  5  
 2 Logan Couture            Patrik Laine             Jordan Kyrou             45     0   0  5  

PowerPlay Defense
   Defense                  Defense                                           Time % Phy DF OF 
 1 Alex Pietrangelo         Hampus Lindholm                                   60     0   2  3  
 2 Shayne Gostisbehere      Jared Spurgeon                                    40     0   2  3  

Penalty Kill 4 Players Forward 
   Center                   Wing                     Time % Phy DF OF 
 1 Patrice Bergeron         Colton Sissons           55     1   4  0  
 2 David Kampf              Marcus Foligno           45     1   4  0  

Penalty Kill 4 Players Defense
   Defense                  Defense                  Time % Phy DF OF 
 1 Alex Pietrangelo         Hampus Lindholm          55     1   4  0  
 2 Jared Spurgeon           Jamie Oleksiak           45     1   4  0  

Penalty Kill - 3 Players Forward 
   Forward                                           Time % Phy DF OF 
 1 Aleksander Barkov                                 55     1   4  0  
 2 Logan Couture                                     45     1   4  0  

Penalty Kill - 3 Players Defense
   Defense                  Defense                  Time % Phy DF OF 
 1 Hampus Lindholm          Alex Pietrangelo         55     1   4  0  
 2 Jared Spurgeon           Jamie Oleksiak           45     1   4  0  

4 vs 4 Forward 
   Center                   Wing                     Time % Phy DF OF 
 1 Logan Couture            Mark Stone               55     1   2  2  
 2 Aleksander Barkov        Patrik Laine             45     1   2  2  

4 vs 4 Defense
   Defense                  Defense                  Time % Phy DF OF 
 1 Hampus Lindholm          Alex Pietrangelo         55     1   2  2  
 2 Jared Spurgeon           Jamie Oleksiak           45     1   2  2  

Last Minutes Offensive
   Center                   Left Wing                Right Wing               Defense                  Defense                  
   Aleksander Barkov        Logan Couture            Mark Stone               Hampus Lindholm          Alex Pietrangelo         

Last Minutes Defensive
   Center                   Left Wing                Right Wing               Defense                  Defense                  
   Aleksander Barkov        Gabriel Dumont           Mark Stone               Hampus Lindholm          Alex Pietrangelo         

Goaltenders
Starting : Alexandar Georgiev       
Backup : Thomas Greiss            

Extra Forwards
Normal : Aleksander Barkov, Logan Couture, Mark Stone - PP : Patrice Bergeron, Colton Sissons - PK : David Kampf
Extra Defensemen
Normal : Alex Pietrangelo, Hampus Lindholm, Jared Spurgeon - PP : Cameron York - PK : Cameron York, Shayne Gostisbehere
Penalty Shots
Aleksander Barkov, Logan Couture, Mark Stone, Jordan Kyrou, Patrice Bergeron
Custom OT Lines Forwards
Aleksander Barkov, Logan Couture, Mark Stone, Patrice Bergeron, Jordan Kyrou, Gabriel Dumont, Patrik Laine, Colton Sissons, Marcus Foligno, David Kampf
Custom OT Lines Defensemen
Alex Pietrangelo, Hampus Lindholm, Jared Spurgeon, Jamie Oleksiak, Cameron York

Scratches
Ilya Mikheyev (Upper Body Injury), Brock Nelson (Broken Bone (Left Arm) Injury)

% Time on Ice - SAN DIEGO THUNDER

Lines # - Real PCT - Wanted PCT - Time Play
Normal Forward
1 - 36% - 36% - 18:40
2 - 31% - 31% - 15:57
3 - 23% - 23% - 12:12
4 - 10% - 10% - 5:12
Normal Defense
1 - 34% - 38% - 17:52
2 - 32% - 32% - 16:39
3 - 29% - 20% - 15:19
4 - 4% - 10% - 2:11
PP Forward
1 - 47% - 55% - 1:52
2 - 53% - 45% - 2:06
PP Defense
1 - 53% - 55% - 2:06
2 - 47% - 45% - 1:52
PK Forward
1 - 62% - 55% - 2:29
2 - 38% - 45% - 1:32
PK Defense
1 - 44% - 55% - 1:46
2 - 56% - 45% - 2:15
PK3 Forward
1 - 0% - 55%
2 - 0% - 45%
PK3 Defense
1 - 0% - 55%
2 - 0% - 45%
44 Forward
1 - 0% - 55%
2 - 0% - 45%
44 Defense
1 - 0% - 55%
2 - 0% - 45%
Last Minute Offensive  - 0:00
Last Minute Defensive  - 0:00
Total
Forward - 60:00
Defense - 60:00

% Time on Ice - OAKLAND GORILLAS

Lines # - Real PCT - Wanted PCT - Time Play
Normal Forward
1 - 33% - 34% - 17:05
2 - 34% - 34% - 17:37
3 - 31% - 32% - 16:18
4 - 2% - 0% - 1:01
Normal Defense
1 - 33% - 34% - 16:59
2 - 34% - 33% - 17:27
3 - 34% - 33% - 17:35
4 - 0% - 0% - 0:00
PP Forward
1 - 57% - 55% - 2:18
2 - 43% - 45% - 1:43
PP Defense
1 - 69% - 60% - 2:46
2 - 31% - 40% - 1:15
PK Forward
1 - 81% - 55% - 3:12
2 - 19% - 45% - 0:46
PK Defense
1 - 59% - 55% - 2:20
2 - 41% - 45% - 1:38
PK3 Forward
1 - 0% - 55%
2 - 0% - 45%
PK3 Defense
1 - 0% - 55%
2 - 0% - 45%
44 Forward
1 - 0% - 55%
2 - 0% - 45%
44 Defense
1 - 0% - 55%
2 - 0% - 45%
Last Minute Offensive  - 0:00
Last Minute Defensive  - 0:00
Total
Forward - 60:00
Defense - 60:00

Play-by-Play

1st period


0:01 of 1st period - Aleksander Barkov wins face-off versus Eetu Luostarinen in neutral zone.
0:06 of 1st period - Shot by Mark Stone.
0:06 of 1st period - Shot Blocked by Joel Farabee.
1:27 of 1st period - Shot by Logan Couture.
1:27 of 1st period - Stopped by Connor Hellebuyck without a rebound.
1:28 of 1st period - Patrice Bergeron wins face-off versus Radek Faksa in SAN DIEGO THUNDER zone.
1:33 of 1st period - Shot by Colton Sissons.
1:33 of 1st period - Shot Misses the Net.
1:35 of 1st period - Shot by Colton Sissons.
1:35 of 1st period - Stopped by Connor Hellebuyck without a rebound.
1:36 of 1st period - Patrice Bergeron wins face-off versus Radek Faksa in SAN DIEGO THUNDER zone.
1:47 of 1st period - Shot by Radek Faksa.
1:47 of 1st period - Shot Blocked by David Kampf.
1:49 of 1st period - Shot by Connor Murphy.
1:49 of 1st period - Shot Misses the Net.
1:55 of 1st period - Shot by Luke Kunin.
1:55 of 1st period - Shot Misses the Net.
4:14 of 1st period - Icing by Mark Stone.
4:15 of 1st period - Eetu Luostarinen wins face-off versus Aleksander Barkov in OAKLAND GORILLAS zone.
4:44 of 1st period - Off-side.
4:45 of 1st period - Radek Faksa wins face-off versus Patrice Bergeron in neutral zone.
5:13 of 1st period - Off-side.
5:14 of 1st period - Logan Couture wins face-off versus Wyatt Johnston in neutral zone.
5:35 of 1st period - Icing by Jordan Kyrou.
5:36 of 1st period - Logan Couture wins face-off versus Eetu Luostarinen in OAKLAND GORILLAS zone.
5:36 of 1st period - Jordan Kyrou is hit by Drake Batherson and loses puck.
5:43 of 1st period - Shot by Logan Couture.
5:43 of 1st period - Goal by Logan Couture - SAN DIEGO THUNDER : 0 - OAKLAND GORILLAS : 1.
5:44 of 1st period - Patrice Bergeron wins face-off versus Eetu Luostarinen in neutral zone.
5:58 of 1st period - Shot by Drake Batherson.
5:58 of 1st period - Shot Misses the Net.
6:09 of 1st period - Joel Farabee is hit by Cameron York and loses puck.
6:31 of 1st period - Eetu Luostarinen is hit by Cameron York.
6:54 of 1st period - Shot by Wyatt Johnston.
6:54 of 1st period - Deflect By Dmitri Voronkov.
6:54 of 1st period - Shot Misses the Net.
7:02 of 1st period - David Kampf is hit by Connor Murphy and loses puck.
7:04 of 1st period - Minor Penalty to Connor Murphy for Holding.
7:05 of 1st period - Dmitri Voronkov wins face-off versus Logan Couture in SAN DIEGO THUNDER zone.
7:30 of 1st period - Shot by Logan Couture.
7:30 of 1st period - Stopped by Connor Hellebuyck without a rebound.
7:31 of 1st period - Joel Farabee wins face-off versus Aleksander Barkov in SAN DIEGO THUNDER zone.
7:31 of 1st period - Joel Farabee is hit by Mark Stone.
8:15 of 1st period - Derek Forbort is hit by Aleksander Barkov.
9:26 of 1st period - Icing by Jared Spurgeon.
9:27 of 1st period - Mark Stone wins face-off versus Eetu Luostarinen in OAKLAND GORILLAS zone.
9:45 of 1st period - Icing by Eetu Luostarinen.
9:46 of 1st period - Joel Farabee wins face-off versus Logan Couture in SAN DIEGO THUNDER zone.
9:57 of 1st period - Shot by Drake Batherson.
9:57 of 1st period - Stopped by Alexandar Georgiev without a rebound.
9:58 of 1st period - Patrik Laine wins face-off versus Dmitri Voronkov in OAKLAND GORILLAS zone.
10:27 of 1st period - Icing by Erik Cernak.
10:28 of 1st period - Patrice Bergeron wins face-off versus Wyatt Johnston in SAN DIEGO THUNDER zone.
10:53 of 1st period - Shot by Patrice Bergeron.
10:53 of 1st period - Stopped by Connor Hellebuyck without a rebound.
10:54 of 1st period - Logan Couture wins face-off versus Luke Kunin in SAN DIEGO THUNDER zone.
10:55 of 1st period - Shot by Patrik Laine.
10:55 of 1st period - Stopped by Connor Hellebuyck with a rebound.
11:21 of 1st period - Shot by Isac Lundestrom.
11:21 of 1st period - Shot Misses the Net.
11:46 of 1st period - Icing by Jared Spurgeon.
11:47 of 1st period - Logan Couture wins face-off versus Eetu Luostarinen in OAKLAND GORILLAS zone.
12:05 of 1st period - Shot by Drake Batherson.
12:05 of 1st period - Shot Misses the Net.
12:11 of 1st period - Shot by Joel Farabee.
12:11 of 1st period - Shot Blocked by Jared Spurgeon.
12:13 of 1st period - Shot by Nicklaus Perbix.
12:13 of 1st period - Stopped by Alexandar Georgiev without a rebound.
12:14 of 1st period - Aleksander Barkov wins face-off versus Dmitri Voronkov in OAKLAND GORILLAS zone.
13:00 of 1st period - Shot by Mark Stone.
13:00 of 1st period - Shot Blocked by Erik Cernak.
13:02 of 1st period - Shot by Aleksander Barkov.
13:02 of 1st period - Stopped by Connor Hellebuyck without a rebound.
13:03 of 1st period - Eetu Luostarinen wins face-off versus Patrice Bergeron in SAN DIEGO THUNDER zone.
13:03 of 1st period - Eetu Luostarinen is hit by Patrice Bergeron.
14:18 of 1st period - Luke Kunin is hit by Jordan Kyrou and loses puck.
14:28 of 1st period - Icing by Radek Faksa.
14:29 of 1st period - Aleksander Barkov wins face-off versus Radek Faksa in SAN DIEGO THUNDER zone.
14:58 of 1st period - Shot by Aleksander Barkov.
14:58 of 1st period - Stopped by Connor Hellebuyck with a rebound.
15:07 of 1st period - Icing by Nicklaus Perbix.
15:08 of 1st period - Radek Faksa wins face-off versus Logan Couture in SAN DIEGO THUNDER zone.
15:08 of 1st period - Radek Faksa is hit by Logan Couture.
15:53 of 1st period - Shot by Wyatt Johnston.
15:53 of 1st period - Shot Misses the Net.
15:57 of 1st period - Shot by Dmitri Voronkov.
15:57 of 1st period - Shot Misses the Net.
16:13 of 1st period - Shot by Drake Batherson.
16:13 of 1st period - Shot Misses the Net.
16:15 of 1st period - Shot by Eetu Luostarinen.
16:15 of 1st period - Shot Blocked by Jamie Oleksiak.
16:29 of 1st period - Eetu Luostarinen is hit by Jamie Oleksiak and loses puck.
16:32 of 1st period - Shot by Eetu Luostarinen.
16:32 of 1st period - Shot Misses the Net.
16:34 of 1st period - Shot by Connor Murphy.
16:34 of 1st period - Stopped by Alexandar Georgiev without a rebound.
16:35 of 1st period - Aleksander Barkov wins face-off versus Mark Kastelic in OAKLAND GORILLAS zone.
16:48 of 1st period - Shot by Aleksander Barkov.
16:48 of 1st period - Shot Misses the Net.
17:57 of 1st period - Drake Batherson is hit by Shayne Gostisbehere and loses puck.
18:08 of 1st period - Shot by Drake Batherson.
18:08 of 1st period - Shot Blocked by Cameron York.
18:12 of 1st period - Shot by Joel Farabee.
18:12 of 1st period - Shot Blocked by Cameron York.
18:28 of 1st period - Shot by Adam Boqvist.
18:28 of 1st period - Shot Blocked by David Kampf.
19:12 of 1st period - Logan Couture is hit by Filip Zadina and loses puck.
19:45 of 1st period - Shot by Mark Stone.
19:45 of 1st period - Stopped by Connor Hellebuyck with a rebound.
Goals for this period are 0 for SAN DIEGO THUNDER vs 1 for OAKLAND GORILLAS.
Shots for this period are 3 for SAN DIEGO THUNDER vs 9 for OAKLAND GORILLAS.

2nd period


0:01 of 2nd period - Patrice Bergeron wins face-off versus Eetu Luostarinen in neutral zone.
0:58 of 2nd period - Icing by Charles McAvoy.
0:59 of 2nd period - Aleksander Barkov wins face-off versus Eetu Luostarinen in SAN DIEGO THUNDER zone.
2:42 of 2nd period - Minor Penalty to Jared Spurgeon for Holding.
2:43 of 2nd period - Patrice Bergeron wins face-off versus Wyatt Johnston in OAKLAND GORILLAS zone.
2:56 of 2nd period - Shot by Wyatt Johnston.
2:56 of 2nd period - Shot Blocked by Hampus Lindholm.
2:58 of 2nd period - Shot by Erik Cernak.
2:58 of 2nd period - Stopped by Alexandar Georgiev without a rebound.
2:59 of 2nd period - Patrice Bergeron wins face-off versus Drake Batherson in OAKLAND GORILLAS zone.
2:59 of 2nd period - Patrice Bergeron is hit by Drake Batherson.
3:21 of 2nd period - Shot by Dmitri Voronkov.
3:21 of 2nd period - Stopped by Alexandar Georgiev without a rebound.
3:22 of 2nd period - Wyatt Johnston wins face-off versus David Kampf in OAKLAND GORILLAS zone.
4:21 of 2nd period - Shot by Dmitri Voronkov.
4:21 of 2nd period - Shot Misses the Net.
4:23 of 2nd period - Shot by Connor Murphy.
4:23 of 2nd period - Shot Misses the Net.
4:25 of 2nd period - Shot by Derek Forbort.
4:25 of 2nd period - Shot Misses the Net.
5:23 of 2nd period - Icing by Cameron York.
5:24 of 2nd period - Logan Couture wins face-off versus Eetu Luostarinen in OAKLAND GORILLAS zone.
6:17 of 2nd period - Shot by Luke Kunin.
6:17 of 2nd period - Stopped by Alexandar Georgiev without a rebound.
6:18 of 2nd period - Patrice Bergeron wins face-off versus Filip Zadina in OAKLAND GORILLAS zone.
6:18 of 2nd period - Patrice Bergeron is hit by Dmitri Voronkov.
6:52 of 2nd period - Shot by Patrice Bergeron.
6:52 of 2nd period - Stopped by Connor Hellebuyck with a rebound.
6:54 of 2nd period - Shot by Hampus Lindholm.
6:54 of 2nd period - Stopped by Connor Hellebuyck with a rebound.
6:57 of 2nd period - Colton Sissons is hit by Adam Boqvist.
7:34 of 2nd period - Shot by Marcus Foligno.
7:34 of 2nd period - Shot Blocked by Adam Boqvist.
7:55 of 2nd period - Aleksander Barkov is hit by Nicklaus Perbix and loses puck.
8:14 of 2nd period - Shot by Jack McBain.
8:14 of 2nd period - Stopped by Connor Hellebuyck without a rebound.
8:15 of 2nd period - Logan Couture wins face-off versus Eetu Luostarinen in SAN DIEGO THUNDER zone.
8:39 of 2nd period - Shot by Patrik Laine.
8:39 of 2nd period - Shot Blocked by Charles McAvoy.
8:41 of 2nd period - Shot by Jordan Kyrou.
8:41 of 2nd period - Shot Misses the Net.
8:47 of 2nd period - Shot by Logan Couture.
8:47 of 2nd period - Stopped by Connor Hellebuyck without a rebound.
8:48 of 2nd period - Luke Kunin wins face-off versus Patrice Bergeron in SAN DIEGO THUNDER zone.
8:48 of 2nd period - Luke Kunin is hit by Colton Sissons.
9:28 of 2nd period - Radek Faksa is hit by Alex Pietrangelo.
9:58 of 2nd period - Shot by Joel Armia.
9:58 of 2nd period - Deflect By Mark Kastelic.
9:58 of 2nd period - Stopped by Alexandar Georgiev without a rebound.
9:59 of 2nd period - Aleksander Barkov wins face-off versus Drake Batherson in OAKLAND GORILLAS zone.
10:56 of 2nd period - Shot by Logan Couture.
10:56 of 2nd period - Shot Blocked by Charles McAvoy.
10:58 of 2nd period - Shot by Logan Couture.
10:58 of 2nd period - Shot Misses the Net.
11:00 of 2nd period - Shot by Patrik Laine.
11:00 of 2nd period - Stopped by Connor Hellebuyck without a rebound.
11:01 of 2nd period - Logan Couture wins face-off versus Radek Faksa in SAN DIEGO THUNDER zone.
11:04 of 2nd period - Shot by Patrik Laine.
11:04 of 2nd period - Stopped by Connor Hellebuyck without a rebound.
11:05 of 2nd period - Logan Couture wins face-off versus Radek Faksa in SAN DIEGO THUNDER zone.
11:06 of 2nd period - Shot by Patrik Laine.
11:06 of 2nd period - Stopped by Connor Hellebuyck with a rebound.
11:08 of 2nd period - Shot by Shayne Gostisbehere.
11:08 of 2nd period - Stopped by Connor Hellebuyck without a rebound.
11:09 of 2nd period - Logan Couture wins face-off versus Radek Faksa in SAN DIEGO THUNDER zone.
11:58 of 2nd period - Icing by Connor Murphy.
11:59 of 2nd period - Radek Faksa wins face-off versus Aleksander Barkov in SAN DIEGO THUNDER zone.
13:22 of 2nd period - Shot by Colton Sissons.
13:22 of 2nd period - Stopped by Connor Hellebuyck without a rebound.
13:23 of 2nd period - Logan Couture wins face-off versus Wyatt Johnston in SAN DIEGO THUNDER zone.
13:29 of 2nd period - Logan Couture is hit by Adam Boqvist and loses puck.
13:44 of 2nd period - Shot by Jordan Kyrou.
13:44 of 2nd period - Shot Misses the Net.
14:02 of 2nd period - Shot by Jordan Kyrou.
14:02 of 2nd period - Stopped by Connor Hellebuyck without a rebound.
14:03 of 2nd period - Patrice Bergeron wins face-off versus Eetu Luostarinen in SAN DIEGO THUNDER zone.
15:33 of 2nd period - Shot by Mark Stone.
15:33 of 2nd period - Stopped by Connor Hellebuyck without a rebound.
15:34 of 2nd period - Logan Couture wins face-off versus Wyatt Johnston in SAN DIEGO THUNDER zone.
15:47 of 2nd period - Shot by Patrik Laine.
15:47 of 2nd period - Shot Misses the Net.
15:57 of 2nd period - Shot by Logan Couture.
15:57 of 2nd period - Goal by Logan Couture - SAN DIEGO THUNDER : 0 - OAKLAND GORILLAS : 2.
15:58 of 2nd period - Aleksander Barkov wins face-off versus Radek Faksa in neutral zone.
16:19 of 2nd period - Shot by Mark Stone.
16:19 of 2nd period - Stopped by Connor Hellebuyck without a rebound.
16:20 of 2nd period - Eetu Luostarinen wins face-off versus Patrice Bergeron in SAN DIEGO THUNDER zone.
16:31 of 2nd period - Shot by Drake Batherson.
16:31 of 2nd period - Shot Misses the Net.
16:33 of 2nd period - Shot by Adam Boqvist.
16:33 of 2nd period - Stopped by Alexandar Georgiev with a rebound.
16:52 of 2nd period - Icing by Adam Boqvist.
16:53 of 2nd period - Aleksander Barkov wins face-off versus Eetu Luostarinen in SAN DIEGO THUNDER zone.
16:56 of 2nd period - Shot by Aleksander Barkov.
16:56 of 2nd period - Stopped by Connor Hellebuyck without a rebound.
16:57 of 2nd period - Aleksander Barkov wins face-off versus Filip Zadina in SAN DIEGO THUNDER zone.
17:57 of 2nd period - Patrice Bergeron is hit by Filip Zadina and loses puck.
18:12 of 2nd period - Shot by Patrice Bergeron.
18:12 of 2nd period - Shot Misses the Net.
18:31 of 2nd period - Icing by Patrice Bergeron.
18:32 of 2nd period - David Kampf wins face-off versus Joel Farabee in OAKLAND GORILLAS zone.
19:28 of 2nd period - Shot by Jordan Kyrou.
19:28 of 2nd period - Stopped by Connor Hellebuyck without a rebound.
19:29 of 2nd period - Radek Faksa wins face-off versus Aleksander Barkov in SAN DIEGO THUNDER zone.
19:37 of 2nd period - Icing by Radek Faksa.
19:38 of 2nd period - Aleksander Barkov wins face-off versus Radek Faksa in SAN DIEGO THUNDER zone.
19:57 of 2nd period - Shot by Mark Stone.
19:57 of 2nd period - Shot Blocked by Isac Lundestrom.
Goals for this period are 0 for SAN DIEGO THUNDER vs 1 for OAKLAND GORILLAS.
Shots for this period are 5 for SAN DIEGO THUNDER vs 15 for OAKLAND GORILLAS.

3rd period


0:01 of 3rd period - Eetu Luostarinen wins face-off versus Aleksander Barkov in neutral zone.
0:35 of 3rd period - Shot by Mark Stone.
0:35 of 3rd period - Stopped by Connor Hellebuyck without a rebound.
0:36 of 3rd period - Logan Couture wins face-off versus Wyatt Johnston in SAN DIEGO THUNDER zone.
0:39 of 3rd period - Shot by Jordan Kyrou.
0:39 of 3rd period - Deflect By Patrik Laine.
0:39 of 3rd period - Shot Misses the Net.
0:53 of 3rd period - Shot by Wyatt Johnston.
0:53 of 3rd period - Shot Misses the Net.
0:55 of 3rd period - Shot by Connor Murphy.
0:55 of 3rd period - Stopped by Alexandar Georgiev without a rebound.
0:56 of 3rd period - Radek Faksa wins face-off versus Colton Sissons in OAKLAND GORILLAS zone.
1:21 of 3rd period - Shot by Patrice Bergeron.
1:21 of 3rd period - Shot Blocked by Adam Boqvist.
1:23 of 3rd period - Shot by Alex Pietrangelo.
1:23 of 3rd period - Shot Blocked by Radek Faksa.
2:06 of 3rd period - Off-side.
2:07 of 3rd period - Logan Couture wins face-off versus Wyatt Johnston in neutral zone.
2:10 of 3rd period - Wyatt Johnston is hit by Logan Couture and loses puck.
2:29 of 3rd period - Shot by Patrik Laine.
2:29 of 3rd period - Stopped by Connor Hellebuyck without a rebound.
2:30 of 3rd period - Eetu Luostarinen wins face-off versus Aleksander Barkov in SAN DIEGO THUNDER zone.
2:55 of 3rd period - Aleksander Barkov is hit by Eetu Luostarinen and loses puck.
3:41 of 3rd period - Shot by Patrik Laine.
3:41 of 3rd period - Stopped by Connor Hellebuyck without a rebound.
3:42 of 3rd period - Logan Couture wins face-off versus Radek Faksa in SAN DIEGO THUNDER zone.
5:13 of 3rd period - Shot by Patrice Bergeron.
5:13 of 3rd period - Shot Blocked by Derek Forbort.
6:00 of 3rd period - Shot by Aleksander Barkov.
6:00 of 3rd period - Stopped by Connor Hellebuyck without a rebound.
6:01 of 3rd period - Logan Couture wins face-off versus Eetu Luostarinen in SAN DIEGO THUNDER zone.
6:02 of 3rd period - Shot by Patrik Laine.
6:02 of 3rd period - Stopped by Connor Hellebuyck with a rebound.
6:06 of 3rd period - Shot by Patrik Laine.
6:06 of 3rd period - Shot Misses the Net.
8:14 of 3rd period - Shot by Joel Armia.
8:14 of 3rd period - Shot Misses the Net.
8:48 of 3rd period - Logan Couture is hit by Luke Kunin.
9:02 of 3rd period - Shot by Jordan Kyrou.
9:02 of 3rd period - Shot Blocked by Isac Lundestrom.
9:14 of 3rd period - Shot by Radek Faksa.
9:14 of 3rd period - Stopped by Alexandar Georgiev without a rebound.
9:15 of 3rd period - Patrice Bergeron wins face-off versus Filip Zadina in OAKLAND GORILLAS zone.
9:27 of 3rd period - Wyatt Johnston is hit by Hampus Lindholm and loses puck.
10:22 of 3rd period - Shot by Mark Stone.
10:22 of 3rd period - Stopped by Connor Hellebuyck without a rebound.
10:23 of 3rd period - Logan Couture wins face-off versus Radek Faksa in SAN DIEGO THUNDER zone.
10:23 of 3rd period - Logan Couture is hit by Connor Murphy.
10:49 of 3rd period - Shot by Patrik Laine.
10:49 of 3rd period - Stopped by Connor Hellebuyck without a rebound.
10:50 of 3rd period - Aleksander Barkov wins face-off versus Eetu Luostarinen in SAN DIEGO THUNDER zone.
11:00 of 3rd period - Minor Penalty to Joel Farabee for Hooking.
11:01 of 3rd period - Dmitri Voronkov wins face-off versus Aleksander Barkov in SAN DIEGO THUNDER zone.
11:39 of 3rd period - Shot by Mark Stone.
11:39 of 3rd period - Shot Blocked by Charles McAvoy.
12:32 of 3rd period - Shot by Jordan Kyrou.
12:32 of 3rd period - Deflect By Logan Couture.
12:32 of 3rd period - Stopped by Connor Hellebuyck without a rebound.
12:33 of 3rd period - Aleksander Barkov wins face-off versus Drake Batherson in SAN DIEGO THUNDER zone.
12:38 of 3rd period - Shot by Patrice Bergeron.
12:38 of 3rd period - Stopped by Connor Hellebuyck without a rebound.
12:39 of 3rd period - Logan Couture wins face-off versus Eetu Luostarinen in SAN DIEGO THUNDER zone.
12:40 of 3rd period - Shot by Hampus Lindholm.
12:40 of 3rd period - Stopped by Connor Hellebuyck without a rebound.
12:41 of 3rd period - Aleksander Barkov wins face-off versus Eetu Luostarinen in SAN DIEGO THUNDER zone.
13:04 of 3rd period - Shot by Jordan Kyrou.
13:04 of 3rd period - Deflect By Patrik Laine.
13:04 of 3rd period - Stopped by Connor Hellebuyck without a rebound.
13:05 of 3rd period - Eetu Luostarinen wins face-off versus Logan Couture in SAN DIEGO THUNDER zone.
13:28 of 3rd period - Shot by Eetu Luostarinen.
13:28 of 3rd period - Stopped by Alexandar Georgiev without a rebound.
13:29 of 3rd period - Patrice Bergeron wins face-off versus Radek Faksa in OAKLAND GORILLAS zone.
13:35 of 3rd period - Icing by Hampus Lindholm.
13:36 of 3rd period - Patrice Bergeron wins face-off versus Radek Faksa in OAKLAND GORILLAS zone.
13:42 of 3rd period - Icing by Charles McAvoy.
13:43 of 3rd period - Aleksander Barkov wins face-off versus Radek Faksa in SAN DIEGO THUNDER zone.
15:03 of 3rd period - Shot by Eetu Luostarinen.
15:03 of 3rd period - Shot Misses the Net.
15:24 of 3rd period - Minor Penalty to Colton Sissons for Hooking.
15:25 of 3rd period - Patrice Bergeron wins face-off versus Wyatt Johnston in OAKLAND GORILLAS zone.
15:33 of 3rd period - Off-side.
15:34 of 3rd period - Patrice Bergeron wins face-off versus Wyatt Johnston in neutral zone.
16:02 of 3rd period - Off-side.
16:03 of 3rd period - Drake Batherson wins face-off versus David Kampf in neutral zone.
17:02 of 3rd period - Icing by Erik Cernak.
17:03 of 3rd period - Jordan Kyrou wins face-off versus Wyatt Johnston in SAN DIEGO THUNDER zone.
17:52 of 3rd period - Shot by Joel Armia.
17:52 of 3rd period - Shot Blocked by Cameron York.
17:54 of 3rd period - Shot by Joel Armia.
17:54 of 3rd period - Shot Blocked by Shayne Gostisbehere.
17:56 of 3rd period - Shot by Joel Armia.
17:56 of 3rd period - Stopped by Alexandar Georgiev without a rebound.
17:57 of 3rd period - Logan Couture wins face-off versus Eetu Luostarinen in OAKLAND GORILLAS zone.
18:34 of 3rd period - Off-side.
18:35 of 3rd period - Patrice Bergeron wins face-off versus Wyatt Johnston in neutral zone.
18:53 of 3rd period - Patrice Bergeron is hit by Connor Murphy and loses puck.
19:01 of 3rd period - Dmitri Voronkov is hit by Jamie Oleksiak and loses puck.
19:20 of 3rd period - Shot by Colton Sissons.
19:20 of 3rd period - Shot Blocked by Derek Forbort.
19:54 of 3rd period - Shot by Jordan Kyrou.
19:54 of 3rd period - Deflect By Patrik Laine.
19:54 of 3rd period - Shot Misses the Net.
19:56 of 3rd period - Shot by Logan Couture.
19:56 of 3rd period - Stopped by Connor Hellebuyck without a rebound.
19:56 of 3rd period - Minor Penalty to Adam Boqvist for Hooking.
19:57 of 3rd period - Eetu Luostarinen wins face-off versus Aleksander Barkov in SAN DIEGO THUNDER zone.
Goals for this period are 0 for SAN DIEGO THUNDER vs 0 for OAKLAND GORILLAS.
Shots for this period are 4 for SAN DIEGO THUNDER vs 12 for OAKLAND GORILLAS.


BLAKE
WHEELER
STEVEN
STAMKOS
DREW
DOUGHTY

EAST COAST

HOCKEY LEAGUE

  • 63.RHI2PIT5
  • 64.WOR4ATL3
  • 65.QUECHW
  • 66.CHATRV